Map: Whitewater Line LE

Players

Throwfordays

  • Race: Protoss Protoss
  • League: Silver
  • Spawn Location: 1:00

Faust

  • Race: Zerg Zerg
  • League: Diamond
  • Spawn Location: 12:00

Cthulhu

  • Race: Terran Terran
  • Spawn Location: 1:00

Quetzal - Winner!

  • Race: Terran Terran
  • League: Gold
  • Spawn Location: 7:00

LeCanonFOu - Winner!

  • Race: Zerg Zerg
  • Spawn Location: 7:00

Xanatos - Winner!

  • Race: Protoss Protoss
  • Spawn Location: 6:00

VOD

Have the link to the VOD?

Description

Time

  • Played on: Feb. 12, 2019, 10:01 p.m.
  • Length: 14:37
Show
View Real Time Build Order
Export as new Build Order

Throwfordays Protoss 

Build Orders: Carriers 

Get SALT Encoding   

  12  0:05  Probe  
  13  0:17  Probe  
  13  0:18  Pylon  
  14  0:29  Probe  
  15  0:41  Probe  
  16  0:47  Gateway  
  16  0:53  Assimilator, Probe  
  17  1:05  Probe  
  18  1:12  Assimilator  
  18  1:17  Probe  
  19  1:29  Probe  
  20  1:35  Cybernetics Core  
  20  1:41  Probe  
  21  1:53  Probe  
  22  2:02  Nexus  
  22  2:06  Probe  
  23  2:10  Warp Gate  
  23  2:14  Forge  
  23  2:36  Pylon  
  23  2:56  Nexus  
  23  3:02  Photon Cannon  
  23  3:14  Photon Cannon  
  23  3:16  Probe  
  23  3:19  Probe  
  25  3:28  Probe  
  25  3:31  Probe  
  27  3:35  Pylon  
  27  3:47  Photon Cannon  
  27  3:55  Photon Cannon  
  27  4:06  Photon Cannon  
  27  4:08  Probe  
  27  4:09  Probe  
  28  4:16  Probe  
  29  4:17  Probe  
  31  4:24  Probe  
  31  4:25  Probe  
  33  4:33  Probe  
  33  4:35  Probe  
  35  4:41  Probe  
  35  4:43  Probe  
  36  4:52  Probe x2  
  39  5:04  Probe x2  
  39  5:05  Probe  
  42  5:13  Stalker  
  44  5:15  Photon Cannon  
  44  5:16  Probe x2  
  44  5:17  Probe  
  44  5:18  Photon Cannon  
  47  5:28  Probe x2  
  49  5:29  Probe  
  49  5:31  Protoss Shields Level 1  
  49  5:34  Assimilator  
  50  5:38  Assimilator  
  50  5:40  Probe x2  
  50  5:41  Photon Cannon, Probe  
  50  5:42  Photon Cannon  
  53  5:45  Protoss Air Weapons Level 1  
  53  5:52  Probe  
  53  5:54  Cybernetics Core  
  53  5:56  Twilight Council  
  54  6:00  Pylon  
  54  6:01  Pylon  
  54  6:03  Pylon  
  54  6:06  Pylon  
  54  6:09  Pylon  
  54  6:16  Pylon  
  54  6:17  Pylon  
  54  6:20  Pylon  
  54  6:21  Pylon  
  54  6:24  Pylon  
  54  6:25  Pylon  
  54  6:28  Pylon  
  54  6:29  Pylon  
  54  6:34  Pylon  
  54  6:37  Pylon  
  54  6:40  Assimilator  
  54  6:41  Probe  
  54  6:42  Pylon  
  54  6:44  Assimilator  
  54  6:45  Pylon  
  55  6:53  Probe  
  56  7:03  Photon Cannon  
  56  7:04  Photon Cannon  
  56  7:05  Probe  
  56  7:07  Photon Cannon  
  57  7:10  Photon Cannon  
  57  7:11  Probe  
  57  7:14  Photon Cannon  
  58  7:16  Photon Cannon  
  58  7:18  Probe  
  59  7:23  Probe  
  60  7:30  Probe  
  60  7:32  Protoss Air Armor Level 1  
  60  7:35  Probe  
  62  7:40  Stargate  
  62  7:42  Probe  
  63  7:45  Stargate  
  63  7:46  Stargate  
  63  7:47  Stargate, Probe  
  64  7:53  Stargate  
  64  7:57  Probe  
  65  7:59  Probe  
  66  8:09  Probe  
  66  8:11  Pylon  
  66  8:12  Probe  
  68  8:16  Shield Battery  
  68  8:19  Shield Battery  
  68  8:24  Shield Battery  
  68  8:31  Shield Battery  
  68  8:34  Protoss Shields Level 2  
  68  8:35  Shield Battery  
  68  8:36  Shield Battery  
  68  8:38  Fleet Beacon  
  68  8:45  Void Ray x2  
  68  8:46  Void Ray x2  
  84  9:33  Pylon  
  84  9:35  Carrier x4  
  84  9:36  Carrier  
  114  9:39  Protoss Air Weapons Level 2  
  114  9:51  Protoss Air Armor Level 2  
  110  10:12  Probe  
  109  10:21  Pylon  
  109  10:23  Pylon, Photon Cannon  
  109  10:24  Probe  
  109  10:26  Photon Cannon  
  110  10:28  Photon Cannon  
  110  10:36  Probe  
  110  10:39  Carrier x2  
  110  10:40  Carrier  
  129  10:48  Probe  
  130  11:00  Probe  
  131  11:13  Probe  
  132  11:24  Carrier x2  
  144  11:27  Robotics Facility  
  144  11:43  Carrier  
  128  13:52  Assimilator  
  128  13:56  Photon Cannon  
  128  13:58  Photon Cannon  
  128  14:00  Photon Cannon  
  128  14:02  Photon Cannon  
  128  14:06  Photon Cannon  
Show
View Real Time Build Order
Export as new Build Order

Faust Zerg 

Build Orders: Hatch First, Lurkers 

Get SALT Encoding   

  12  0:01  Drone  
  13  0:17  Drone, Overlord  
  14  0:36  Drone x2  
  16  0:51  Hatchery  
  16  0:56  Drone  
  16  0:59  Drone  
  17  1:05  Extractor  
  17  1:06  Drone  
  17  1:19  Spawning Pool  
  16  2:06  Queen x2  
  16  2:07  Zergling x2  
  16  2:08  Zergling x6  
  24  2:09  Metabolic Boost  
  24  2:18  Overlord  
  24  2:21  Overlord  
  24  2:27  Zergling x2  
  25  2:30  Drone  
  26  2:40  Drone x2  
  28  2:55  Zergling x4  
  28  2:58  Zergling x2  
  31  3:10  Overlord  
  31  3:24  Drone x8  
  31  3:25  Spore Crawler  
  38  3:30  Spore Crawler  
  36  3:46  Drone x5  
  38  3:52  Drone  
  38  3:54  Extractor  
  38  3:55  Drone  
  37  3:56  Extractor  
  35  4:03  Zergling x6  
  35  4:08  Zergling x4  
  40  4:13  Drone x2  
  40  4:15  Drone  
  43  4:22  Lair  
  43  4:25  Baneling Nest  
  43  4:31  Drone x3  
  45  4:35  Overlord  
  45  4:39  Overlord  
  45  4:42  Drone x2  
  47  4:47  Drone x2  
  49  4:57  Extractor, Drone x4  
  52  5:13  Zergling x10  
  52  5:14  Zergling x2  
  52  5:27  Drone x4  
  44  5:30  Drone x3  
  43  5:44  Spine Crawler  
  43  5:47  Spore Crawler  
  41  5:50  Zergling x6  
  41  5:51  Drone  
  45  5:59  Overseer  
  45  6:01  Pneumatized Carapace  
  45  6:03  Zergling x6  
  48  6:07  Drone  
  48  6:08  Drone  
  46  6:56  Drone  
  46  6:57  Drone x6  
  46  6:58  Drone x4  
  46  7:00  Evolution Chamber  
  55  7:14  Spore Crawler, Hydralisk Den  
  53  7:34  Drone  
  53  7:36  Evolution Chamber  
  53  7:40  Infestation Pit  
  53  7:42  Drone x3, Spine Crawler  
  53  7:43  Drone, Hydralisk  
  53  7:44  Hydralisk x5  
  66  8:09  Zergling x8  
  66  8:21  Hydralisk  
  68  8:45  Zerg Missile Weapons Level 1  
  68  8:47  Zerg Ground Armor Level 1  
  68  8:49  Spire  
  68  8:50  Muscular Augments  
  68  8:55  Drone  
  68  8:58  Lurker Den  
  34  9:21  Drone x6  
  34  9:22  Drone x5  
  34  9:23  Drone x2  
  45  9:25  Queen, Drone x3  
  50  9:58  Zergling x2  
  50  9:59  Zergling x2  
  52  10:02  Overlord x5, Grooved Spines  
  52  10:21  Baneling x2  
  52  10:22  Baneling  
  52  10:23  Baneling  
  52  10:24  Hydralisk x2  
  52  10:25  Hydralisk x3  
  60  10:37  Hydralisk x4  
  60  10:41  Zerg Missile Weapons Level 2  
  54  10:43  Zerg Ground Armor Level 2  
  46  11:04  Lurker x2  
  46  11:05  Lurker x4  
  46  11:06  Lurker x3  
  46  11:07  Lurker  
  46  11:09  Lurker  
  57  11:13  Drone  
  58  11:19  Lair  
  58  12:05  Hatchery  
  52  12:55  Corruptor x5  
  28  13:22  Drone x3  
Show
View Real Time Build Order
Export as new Build Order

Cthulhu Terran 

Build Orders:  

Get SALT Encoding   

  12  0:03  SCV  
  13  0:15  SCV  
  14  0:26  Supply Depot  
  14  0:27  SCV  
  15  0:47  SCV  
  15  0:48  Refinery  
  15  0:49  Barracks  
  16  1:00  Barracks  
  16  1:02  SCV  
  17  1:14  SCV  
  18  1:26  SCV  
  18  1:32  Refinery  
  19  1:37  Reaper  
  20  1:43  Orbital Command  
  20  1:57  Reaper  
  21  2:09  SCV  
  21  2:10  Reaper  
  23  2:35  Supply Depot  
  23  2:43  Command Center  
  23  2:50  Barracks Tech Lab  
  23  2:52  Factory  
  23  2:56  Reaper  
  22  3:34  Reaper x2  
  23  3:45  Factory Reactor  
  23  3:47  Starport  
  23  3:54  Starport  
  23  4:03  SCV  
  23  4:06  Engineering Bay  
  24  4:32  Viking  
  24  4:33  Viking  
  24  4:34  Viking  
  30  4:45  Marine, SCV  
  31  4:46  Marine  
  33  4:57  SCV  
  28  5:37  Marine x2, SCV  
  31  5:49  SCV  
  32  5:54  Viking x3  
  37  6:13  Orbital Command  
  37  6:18  SCV  
  38  6:30  SCV  
  39  6:47  Viking x3  
  39  6:48  Factory Reactor  
  39  6:49  Marine  
  40  7:06  Orbital Command  
  31  7:30  Sensor Tower  
  12  9:03  Viking x2  
  16  9:18  Viking x2  
  16  9:22  Widow Mine  
  22  9:33  Viking  
  24  9:43  Widow Mine  
  26  9:48  Viking x2  
  30  11:13  SCV  
  31  11:26  Viking  
  19  11:37  Viking x2  
  19  11:39  Viking  
  25  11:43  Armory  
  25  11:52  Command Center  
  23  12:01  Viking  
  25  12:07  Viking  
  21  13:27  Viking x2  
  21  13:28  Viking  
Show
View Real Time Build Order
Export as new Build Order

Quetzal Terran - Winner!

Build Orders:  

Get SALT Encoding   

  12  0:01  SCV  
  13  0:13  SCV  
  14  0:25  SCV  
  14  0:26  Supply Depot  
  15  0:30  Refinery  
  15  0:52  Barracks  
  15  0:58  SCV  
  16  1:10  SCV  
  17  1:17  Supply Depot  
  17  1:22  SCV  
  18  1:34  SCV  
  19  1:46  SCV  
  20  1:47  Factory  
  20  1:58  SCV  
  21  2:04  Supply Depot  
  21  2:07  Barracks Tech Lab  
  21  2:11  SCV  
  22  2:25  Refinery, SCV  
  23  2:37  SCV  
  23  2:42  Marine  
  25  2:49  SCV  
  25  2:50  Stimpack  
  25  2:51  Supply Depot  
  26  3:00  Marine  
  27  3:12  Command Center  
  27  3:18  Marine  
  28  3:20  Hellion  
  30  3:35  Marine  
  28  3:41  Hellion  
  27  3:53  Marine  
  26  4:03  Barracks  
  26  4:09  Engineering Bay  
  26  4:11  Marine  
  26  4:15  Factory Tech Lab  
  27  4:29  Marine, Combat Shield  
  28  4:35  Siege Tank  
  31  4:47  Marine  
  31  4:50  Starport  
  31  4:51  Barracks  
  32  5:04  Marine  
  33  5:14  Barracks Reactor  
  33  5:22  Marine  
  34  5:40  Marine  
  33  5:58  Marine  
  34  6:12  Starport Reactor  
  34  6:16  Marine, Barracks Reactor  
  35  6:19  Marine  
  35  6:20  Marine  
  33  6:33  Marine  
  33  6:37  Marine  
  33  6:38  Marine  
  33  6:46  Hellion  
  35  6:49  Command Center  
  35  6:51  Marine  
  35  6:52  Medivac  
  38  6:55  Marine  
  38  6:56  Marine, SCV  
  41  7:07  Hellion  
  43  7:08  SCV  
  43  7:09  Marine x2  
  43  7:11  Marine  
  47  7:20  Terran Infantry Armor Level 1  
  47  7:51  Supply Depot  
  47  8:00  Marine x5, SCV  
  47  8:02  Bunker  
  53  8:18  Marine x5  
  58  8:34  Refinery  
  58  8:36  Marine x5  
  63  8:49  SCV  
  63  8:52  SCV  
  63  8:54  Marine x4  
  69  9:00  Refinery  
  69  9:01  SCV  
  70  9:49  Supply Depot  
  70  9:52  Supply Depot  
  70  10:10  Marine x4, SCV x2, Medivac  
  70  10:13  Medivac  
  80  10:22  SCV x2  
  82  10:35  SCV  
  83  10:38  Marine  
  83  10:39  Marine x2  
  86  10:47  Marine, SCV  
  86  11:06  Supply Depot  
  86  11:28  Marine x2, SCV, Medivac, Siege Tank  
  86  11:29  Supply Depot  
  94  11:51  Marine x5  
  99  11:56  Supply Depot  
  99  11:57  Supply Depot, Command Center  
  98  12:09  Marine x3, Marauder  
  102  12:18  Marine  
  102  12:21  Supply Depot  
  103  12:26  Marine x3, Supply Depot  
  103  12:29  Supply Depot  
  106  12:30  Marauder  
  106  12:35  Marine  
  109  12:38  Medivac x2  
  109  12:44  Marine x3  
  109  12:50  Supply Depot  
  109  12:52  Marauder  
  109  12:53  Marine  
  109  12:57  Orbital Command  
  112  13:00  Orbital Command  
  112  13:02  Marine x3  
  115  13:08  Medivac  
  115  13:11  Marine  
  118  13:13  Marine  
  118  13:14  SCV  
  120  13:26  SCV  
  106  13:38  SCV  
  66  13:50  SCV  
  67  13:56  Marine x5  
  67  14:03  SCV  
  68  14:14  Marine x5  
  73  14:18  Barracks  
  74  14:33  Refinery  
  74  14:34  Refinery  
Show
View Real Time Build Order
Export as new Build Order

LeCanonFOu Zerg - Winner!

Build Orders: Hatch First, Swarm Host 

Get SALT Encoding   

  12  0:02  Drone  
  13  0:13  Overlord  
  13  0:19  Drone  
  14  0:34  Drone x2  
  16  0:55  Hatchery, Drone  
  16  1:15  Extractor  
  16  1:17  Spawning Pool  
  16  1:18  Drone x2  
  16  1:27  Extractor, Drone  
  16  1:32  Drone  
  17  1:46  Drone  
  18  2:04  Lair  
  18  2:07  Queen  
  20  2:08  Drone  
  21  2:19  Drone x3  
  24  2:24  Extractor  
  24  2:25  Drone  
  24  2:26  Extractor  
  23  2:32  Drone  
  24  2:37  Drone  
  24  2:39  Drone  
  26  2:55  Drone  
  27  3:07  Infestation Pit  
  27  3:12  Queen  
  27  3:22  Overlord  
  27  3:23  Queen  
  25  3:45  Nydus Network, Swarm Host  
  27  3:49  Overlord  
  27  4:02  Drone x2  
  29  4:27  Swarm Host x2  
  29  4:28  Swarm Host  
  38  4:45  Nydus Canal  
  38  4:49  Drone x2  
  38  4:50  Drone x4  
  44  5:01  Overlord  
  44  5:02  Overlord  
  43  5:33  Drone x5  
  43  5:34  Drone  
  49  5:37  Swarm Host x3  
  58  5:44  Evolution Chamber  
  58  5:46  Evolution Chamber  
  56  6:02  Drone x3  
  56  6:03  Overlord  
  59  6:10  Nydus Canal  
  59  6:15  Zerg Ground Armor Level 1, Zerg Missile Weapons Level 1  
  59  6:21  Swarm Host  
  59  6:22  Swarm Host  
  65  6:59  Overlord x2  
  65  7:03  Nydus Canal  
  65  7:08  Overseer  
  65  7:13  Overlord x2  
  65  7:28  Spore Crawler  
  64  7:30  Hatchery, Drone  
  64  7:33  Queen  
  66  7:38  Swarm Host x6  
  84  7:45  Nydus Canal  
  84  7:55  Drone x2  
  84  7:56  Drone x4  
  90  8:22  Nydus Canal  
  90  8:47  Swarm Host x2  
  96  8:50  Zerg Missile Weapons Level 2  
  96  8:51  Zerg Ground Armor Level 2  
  96  8:53  Overlord x3  
  96  9:08  Nydus Canal  
  96  9:11  Swarm Host x4  
  96  9:12  Swarm Host x2  
  96  9:13  Drone  
  115  9:21  Drone x3  
  115  9:22  Queen  
  120  9:46  Spore Crawler  
  119  9:58  Queen  
  121  10:21  Hive  
  121  10:22  Drone  
  121  10:23  Drone, Hydralisk Den  
  121  10:24  Overlord x4  
  122  10:32  Extractor  
  121  10:35  Extractor  
  120  11:03  Grooved Spines  
  120  11:10  Nydus Canal  
  120  11:16  Drone x5  
  120  11:17  Drone  
  126  11:47  Hydralisk x4  
  126  11:48  Hydralisk x6  
  126  11:49  Hydralisk x4  
  154  12:05  Overlord x4  
  154  12:15  Muscular Augments  
  154  12:17  Hatchery  
  154  12:18  Nydus Canal  
  153  12:33  Nydus Canal, Hydralisk x6  
  153  12:34  Hydralisk x2  
  169  12:55  Overseer x3  
  169  13:06  Hydralisk x4  
  169  13:07  Overlord, Hydralisk x3  
  169  13:08  Overlord  
  183  13:13  Drone x3  
  186  13:30  Hydralisk x3  
  186  13:31  Hydralisk x4  
  200  14:10  Overlord  
Show
View Real Time Build Order
Export as new Build Order

Xanatos Protoss - Winner!

Build Orders: Oracle Opening, Carriers 

Get SALT Encoding   

  12  0:01  Probe  
  13  0:13  Probe  
  14  0:18  Pylon  
  14  0:25  Probe  
  15  0:35  Probe  
  15  0:39  Gateway  
  16  0:43  Probe  
  17  0:50  Assimilator  
  17  0:51  Probe  
  18  0:58  Assimilator  
  18  1:03  Probe  
  19  1:11  Probe  
  20  1:19  Probe  
  21  1:27  Pylon, Cybernetics Core  
  21  1:35  Probe  
  22  1:47  Probe  
  23  2:02  Nexus  
  23  2:06  Probe  
  24  2:15  Stargate  
  24  2:19  Probe  
  25  2:32  Protoss Air Weapons Level 1  
  25  2:34  Pylon  
  25  2:36  Probe  
  26  2:38  Assimilator  
  26  2:48  Probe  
  26  2:49  Oracle  
  27  3:00  Probe  
  31  3:12  Probe  
  24  3:38  Void Ray  
  29  4:00  Probe x2  
  31  4:09  Probe  
  29  4:10  Stargate  
  29  4:12  Probe  
  31  4:17  Probe  
  32  4:24  Probe  
  33  4:40  Void Ray  
  33  4:44  Probe  
  38  4:51  Probe  
  39  4:57  Probe  
  37  5:03  Probe  
  38  5:10  Probe  
  39  5:14  Protoss Air Armor Level 1  
  39  5:17  Probe  
  40  5:21  Assimilator  
  40  5:34  Probe  
  40  5:35  Probe  
  38  5:39  Fleet Beacon  
  39  6:08  Nexus  
  39  6:17  Carrier  
  39  6:29  Probe x2  
  47  6:53  Probe x2  
  49  7:05  Probe  
  49  7:08  Carrier  
  50  7:12  Carrier  
  50  7:14  Protoss Air Weapons Level 2  
  54  7:26  Probe  
  55  7:31  Probe x2  
  57  7:38  Probe  
  57  7:39  Probe x2  
  60  7:47  Probe  
  60  7:48  Probe  
  60  7:50  Probe  
  63  8:16  Carrier  
  63  8:26  Carrier  
  69  9:02  Stargate  
  69  9:05  Assimilator x2  
  69  9:09  Pylon  
  69  9:14  Pylon  
  69  9:15  Pylon  
  69  9:17  Pylon, Carrier  
  69  9:23  Carrier  
  69  9:24  Pylon  
  69  9:27  Pylon, Probe x2  
  77  9:32  Probe  
  77  9:36  Carrier  
  84  9:39  Probe x2  
  84  9:40  Protoss Air Weapons Level 3  
  84  9:44  Probe  
  87  9:51  Probe x2  
  95  9:56  Probe  
  96  10:03  Probe x2  
  98  10:15  Nexus  
  98  10:16  Carrier  
  98  10:17  Carrier  
  110  10:37  Carrier  
  110  10:55  Probe  
  117  11:06  Pylon  
  117  11:09  Pylon  
  117  11:11  Pylon  
  117  11:14  Assimilator, Carrier  
  117  11:24  Probe, Carrier  
  124  11:35  Carrier  
  136  11:53  Probe x3  
  136  11:54  Probe  
  140  12:06  Assimilator  
  140  12:12  Stargate  
  140  12:13  Stargate  
  140  12:40  Carrier x3  
  146  13:03  Phoenix  
  146  13:04  Phoenix  
  156  14:17  Probe x4  
  154  14:28  Nexus  
  154  14:31  Pylon  
  156  14:33  Pylon  
Tags
 
Add a new tag
Caveats
  • Supply blocks, unpowered buildings, or Contaminate may cause inaccurate times.
  • Supply counts are checked every 10 seconds.